 Dungeon Crawl Stone Soup version 0.29.1-15-g9cfb28693d (webtiles) character file.

Game seed: 9275876321714509371

2306 Anandil the Trooper (level 9, 0/72 HPs)
             Began as a Demonspawn Berserker on Apr 5, 2023.
             Was a Priest of Trog.
             Slain by an orc warrior
             ... wielding a +0 trident
              (4 damage)
             ... on level 7 of the Dungeon.
             The game lasted 00:09:22 (7118 turns).

Anandil the Trooper (Demonspawn Berserker)          Turns: 7118, Time: 00:09:23

Health: 0/72       AC: 14    Str: 23    XL:     9   Next: 18%
Magic:  9/9        EV:  9    Int:  8    God:    Trog [***...]
Gold:   306        SH:  0    Dex: 12    Spells: 8/8 levels left

rFire   . . .      SeeInvis .   a - +0 hand axe (freeze)
rCold   . . .      Faith    .   (no shield)
rNeg    . . .      Spirit   .   j - +0 chain mail
rPois   .          Reflect  .   (helmet restricted)
rElec   .          Harm     .   e - +1 cloak
rCorr   .          Rampage  .   y - +0 pair of gloves
Will    ++...                   (no boots)
Stlth   ..........              (no amulet)
HPRegen 1.22/turn               (no ring)
MPRegen 0.11/turn               (no ring)

@: strong-willed, regenerating
A: horns 2, foul stench 1, powered by death 1, sharp scales 1
a: Renounce Religion, Berserk, Trog's Hand


You were on level 7 of the Dungeon.
You worshipped Trog.
Trog was most pleased with you.
You visited 1 branch of the dungeon, and saw 7 of its levels.

You collected 306 gold pieces.

Inventory:

Hand Weapons
 a - a +0 hand axe of freezing (weapon)
Missiles
 w - 3 throwing nets (quivered)
Armour
 e - a +1 cloak (worn)
 j - a +0 chain mail (worn)
 y - a +0 pair of gloves (worn)
Wands
 p - a wand of digging (7)
Scrolls
 b - 2 scrolls of amnesia {unknown}
 d - a scroll of magic mapping {unknown}
 f - 4 scrolls of enchant armour
 h - a scroll of fog {unknown}
 i - 3 scrolls of identify {unknown}
 l - a scroll of acquirement {unknown}
 m - a scroll of vulnerability {unknown}
 n - a scroll of blinking
 o - a scroll of enchant weapon {unknown}
 r - 3 scrolls of teleportation {unknown}
 s - a scroll of poison {unknown}
 v - a scroll of brand weapon
 x - a scroll of immolation {unknown}
Potions
 c - 3 potions of curing {unknown}
 g - 3 potions of might {unknown}
 k - a potion of haste {unknown}
 q - a potion of lignification {unknown}
 t - a potion of attraction {unknown}
 u - a potion of magic {unknown}
 z - a potion of heal wounds {unknown}


   Skills:
 + Level 7.5 Fighting
 + Level 6.9 Axes
 + Level 6.5 Armour
 - Level 3.0 Dodging


You had 8 spell levels left.
You didn't know any spells.
Your spell library was empty.

Dungeon Overview and Level Annotations

Branches:
Dungeon (7/15)             Temple (0/1) D:5

Altars:
Makhleb
Okawaru
Sif Muna
Trog
Vehumet
Wu Jian
Yredelemnul


Innate Abilities, Weirdness & Mutations

You have a pair of horns on your head.
You may rarely emit foul miasma when damaged in melee.
You regenerate a little health from kills.
You are partially covered in razor-sharp scales. (AC +1, Slay +1)


Message History

You hear a shout!
The orc warrior shoots a bolt.
The bolt hits you!
* * * LOW HITPOINT WARNING * * *
You hear a shout!
Things that are here:
a +0 scimitar; a +0 chain mail; an orc corpse The orc warrior shoots a bolt.
The bolt closely misses you.
Unknown command.
The orc warrior shoots a bolt.
The bolt hits you.
* * * LOW HITPOINT WARNING * * *
Unknown command.
Okay, then.
You start resting.
An orc warrior is nearby!
Your skin crawls.
You feel strong-willed.
You can no longer call in reinforcements.
The orc warrior unwields a +0 arbalest.
The orc warrior wields a +0 trident.
The orc warrior hits you but does no damage.
You barely miss the orc warrior.
You headbutt the orc warrior, but do no damage.
You closely miss the orc warrior. Your headbutt misses the orc warrior.
The orc warrior hits you with a +0 trident.
* * * LOW HITPOINT WARNING * * *
You hit the orc warrior but do no damage.
Your headbutt misses the orc warrior.
The orc warrior hits you with a +0 trident!
* * * LOW HITPOINT WARNING * * *
You slash the orc warrior! You freeze the orc warrior.
The orc warrior is heavily wounded.
The orc warrior hits you but does no damage.
You barely miss the orc warrior.
The orc warrior is heavily wounded.
The orc warrior hits you with a +0 trident!
* * * LOW HITPOINT WARNING * * *
You hit the orc warrior but do no damage.
You headbutt the orc warrior.
The orc warrior is heavily wounded.
The orc warrior hits you with a +0 trident.
You die...

#...... .... .. .......
...##.. ....... .#.....
....... ....... ...o...
......# ....... #.....
.......###..# ..#..##. .#
........#@.# #......#...
.##..##)o..## #...#..#...
#...##.#...###..........
........)..###...........
#..#........##..#........
..... #
#....#....#(.#......##
.....
#.#.....)).()<.........#
.....
#.......##.)##.#######..
... ...#..†)#.)..[.##


You could see an orc warrior.

Vanquished Creatures
  A steam dragon (D:7)
  2 ice beasts
  An orc warrior (D:7)
  An ogre (D:6)
  2 centaurs
  A phantom (D:5)
  A kobold brigand (D:6)
  2 bullfrogs
  2 necrophages
  A gnoll sergeant (D:7)
  6 scorpions
  3 wights
  3 hounds
  3 jellies
  2 orc wizards (D:3)
  4 iguanas
  A statue (D:4)
  11 gnolls
  11 adders
  A white imp (D:5)
  5 worms
  4 dart slugs
  10 orcs
  4 endoplasms
  2 giant cockroaches (D:1)
  8 goblins
  7 hobgoblins
  2 jackals (D:4)
  11 kobolds
  2 quokkas
  6 ball pythons
  7 bats
  A frilled lizard (D:2)
  9 rats
  A spectral orc (D:5)
138 creatures vanquished.

Notes
Turn   | Place    | Note
-------+----------+-------------------------------------------
     0 | D:1      | Anandil the Demonspawn Berserker began the quest for the
                  | Orb.
     0 | D:1      | Reached XP level 1. HP: 18/18 MP: 1/1
   498 | D:1      | Gained mutation: You have a pair of small horns on your
                  | head. [demonic ancestry]
   498 | D:1      | Reached XP level 2. HP: 18/24 MP: 2/2
   892 | D:1      | Reached ** piety under Trog
  1149 | D:1      | Gained mutation: You may rarely emit foul miasma when
                  | damaged in melee. [demonic ancestry]
  1149 | D:1      | Reached XP level 3. HP: 23/29 MP: 3/3
  1987 | D:3      | Found a faded altar of an unknown god.
  2133 | D:3      | Gained mutation: You are partially covered in razor-sharp
                  | scales. (AC +1, Slay +1) [demonic ancestry]
  2133 | D:3      | Reached XP level 4. HP: 30/36 MP: 4/4
  2255 | D:3      | Gained mutation: You regenerate a little health from kills.
                  | [demonic ancestry]
  2255 | D:3      | Reached XP level 5. HP: 17/42 MP: 5/5
  2578 | D:3      | Found an iron altar of Okawaru.
  2630 | D:3      | Reached skill level 4 in Fighting
  3266 | D:4      | Found a radiant altar of Vehumet.
  3266 | D:4      | Noticed a frost-covered statue
  3281 | D:4      | Reached XP level 6. HP: 31/49 MP: 6/6
  3346 | D:4      | Reached *** piety under Trog
  3868 | D:3      | Found a shimmering blue altar of Sif Muna.
  3897 | D:5      | Entered Level 5 of the Dungeon
  3943 | D:5      | Found a burning altar of Makhleb.
  3990 | D:5      | Reached skill level 5 in Fighting
  3990 | D:5      | Reached XP level 7. HP: 37/56 MP: 7/7
  4109 | D:5      | Found a staircase to the Ecumenical Temple.
  4705 | D:5      | Found a basalt altar of Yredelemnul.
  4811 | D:5      | Noticed a moth of wrath
  4814 | D:5      | Found a bloodstained altar of Trog.
  4837 | D:5      | Reached skill level 5 in Axes
  5502 | D:6      | Reached skill level 6 in Fighting
  5502 | D:6      | Reached skill level 5 in Armour
  5502 | D:6      | Gained mutation: You have a pair of horns on your head.
                  | [demonic ancestry]
  5502 | D:6      | Reached XP level 8. HP: 41/64 MP: 8/8
  6627 | D:6      | Found an ornate altar of the Wu Jian Council.
  6937 | D:7      | Reached skill level 7 in Fighting
  7011 | D:7      | Reached XP level 9. HP: 51/72 MP: 9/9
  7082 | D:7      | Reached **** piety under Trog
  7117 | D:7      | HP: 3/72 [orc warrior/+0 trident (11)]
  7118 | D:7      | Slain by an orc warrior

Illustrated notes

Levels and vault maps discovered:
D:1:      dpeg_arrival_short_road, layout_basic, grunt_decor_resistance
D:2:      layout_rooms
D:3:      layout_loops_ring, mainiacjoe_overflow_catwalk,
          nicolae_overflow_hidden_temple, shapermc_ecumenical_altar_mp_highgroup
D:4:      layout_rooms, vehumet_statue
D:5:      layout_gridville, lemuel_round_altar,
          yredelemnul_forgotten_temple_becter, tgw_trog,
          minmay_temple_entry_junction_2, chequers_serial_rivers_small_3
D:6:      layout_rooms, pdpol_wu_jian_five_deadly_venoms,
          kennysheep_flooded_box, hangedman_abyss_or_decor_stagger
D:7:      layout_cave_pools, nemelex_spade_bored_becter

Skill      XL: |  1  2  3  4  5  6  7  8 |
---------------+-------------------------+-----
Armour         | 2 3 4 5 6 |  6.5
Dodging        | 2 3 |  3.0
Axes           | 3 4 5 6 |  6.9
Fighting       | 4 5 6 7 |  7.5

Action                   |  1- 3 |  4- 6 |  7- 9 || total
-------------------------+-------+-------+-------++-------
Melee: Hand axe          |   112 |   135 |   223 ||   470
       Headbutt          |     9 |    19 |    71 ||    99
       Punch             |       |     3 |     1 ||     4
Invok: Trog's Hand       |       |       |     1 ||     1
  Use: Scroll            |       |       |     3 ||     3
 Stab: Sleeping          |     1 |       |       ||     1
Armor: Animal skin       |    22 |       |       ||    22
       Chain mail        |    31 |   108 |   117 ||   256
Dodge: Dodged            |    65 |    60 |   102 ||   227
